 Dungeon Sprint DCSS version 0.29.1-15-g9cfb28693d (webtiles) character file.

Game seed: 7181235541513771615

18 Groucho the Trooper (level 2, -11/30 HPs)
             Began as a Naga Fighter on Apr 29, 2023.
             Was an Elder of Cheibriados.
             Mangled by an ogre
             ... wielding a +0 giant spiked club
              (33 damage)
             ... in the Dungeon (Sprint VII: "The Pits").
             The game lasted 00:01:24 (415 turns).

Groucho the Trooper (Naga Fighter)                   Turns: 415, Time: 00:01:24

Health: -11/30     AC:  4    Str: 27    XL:     2   Next: 66%
Magic:  3/3        EV:  7    Int: 17    God:    Cheibriados [****..]
Gold:   0          SH:  5    Dex: 19    Spells: 1/1 levels left

rFire   . . .      SeeInvis +   k - +2 hand axe
rCold   . . .      Faith    .   c - +0 buckler
rNeg    . . .      Spirit   .   b - +0 scale mail
rPois   +          Reflect  .   (no helmet)
rElec   .          Harm     .   (no cloak)
rCorr   .          Rampage  .   (no gloves)
Will    .....      NoTele   +   (no barding)
Stlth   ..........              (no amulet)
HPRegen 0.10/turn               (no ring)
MPRegen 0.08/turn               (no ring)

@: mighty, invisible, very slow
A: AC +0, large, see invisible, deformed body, poison resistance, slowness 2,
spit poison 1, naga tail 1
a: Spit Poison, Renounce Religion, Bend Time, Temporal Distortion, Slouch


You were in the Dungeon.
You worshipped Cheibriados.
Cheibriados was greatly pleased with you.
You visited 1 branch

Inventory:

Hand Weapons
 k - a +2 hand axe (weapon)
 l - a +2 mace
Missiles
 m - 10 stones
Armour
 b - a +0 scale mail (worn)
 c - a +0 buckler (worn)
Scrolls
 j - a scroll of blinking
 n - 5 scrolls of amnesia
 o - a scroll of summoning
Potions
 a - a potion of invisibility
 e - a potion of curing
 g - a potion of haste
 h - 4 potions of magic
 i - 3 potions of berserk rage


   Skills:
 + Level 3.7 Fighting
 + Level 2.9 Axes
 + Level 3.1 Armour
 + Level 3.4 Shields
 + Level 2.0 Invocations


You had one spell level left.
You didn't know any spells.
Your spell library was empty.

Dungeon Overview and Level Annotations

Branches:
Dungeon (1/1)

Altars:
Ashenzari
Cheibriados
Dithmenos
Elyvilon
Fedhas
Gozag
Hepliaklqana
Kikubaaqudgha
Makhleb
Nemelex Xobeh
Okawaru
Qazlal
Ru
Sif Muna
Trog
Uskayaw
Vehumet
Wu Jian
Xom
Yredelemnul
Zin
The Shining One
Jiyva
Lugonu


Innate Abilities, Weirdness & Mutations

Your serpentine skin is tough. (AC +0)
You have supernaturally acute eyesight. (SInv)
Armour fits poorly on your strangely shaped body.
Your system is resistant to poisons. (rPois)
You cover ground very slowly.
You can spit poison.
You have a snake-like lower body.


Message History

You kill the ball python!
Cheibriados appreciates the change of pace.
The ufetubus closely misses you. You block the ufetubus's attack.
Unknown command.
You hit the ufetubus but do no damage. The ufetubus barely misses you.
The ufetubus hits you but does no damage.
The ufetubus barely misses you. The ufetubus hits you.
You feel very mighty all of a sudden. The ufetubus hits you.
The ufetubus hits you but does no damage.
You fade into invisibility!
The ufetubus hits you but does no damage.
The ufetubus barely misses you. The ufetubus hits you.
The ufetubus hits you but does no damage.
You strike the helpless ufetubus from behind!
You slash the ufetubus!
The ufetubus is almost dead.
The ufetubus barely misses you. x2
You strike the helpless ufetubus from behind!
You hit the ufetubus.
You kill the ufetubus!
Cheibriados appreciates the change of pace.
Your Invocations skill increases to level 2!
You slash the adder zombie!
The adder zombie is almost destroyed.
The adder zombie barely misses you.
You slash the ogre!
The ogre is heavily wounded.
You catch the helpless ogre completely off-guard!
You hit the ogre.
The ogre is severely wounded.
The ogre hits you with a +0 giant spiked club!
Ouch! That really hurt!
* * * LOW HITPOINT WARNING * * *
You are too injured to fight recklessly!
You are too injured to fight recklessly!
You feel much better.
The ogre hits you with a +0 giant spiked club!!
Ouch! That really hurt!
You die...

#_________.#
#_______...###########
##########'##.........
#.?..')))'.##......#..
##########.##.........
#..........†'.........
+#####'#####......#..
#..#..#..##.........
#..@.÷'..#####'#####
##O####+###.......#
#....5...##.......#
#...Z....##.......#
#####+#####...<...#
#.......# #.......#
#.......# #########


You could see an ogre (unable to see you).

Vanquished Creatures
  An ufetubus (D)
  An adder skeleton (D)
  4 jackals (D)
  2 kobolds (D)
  A ball python (D)
  A rat (D)
10 creatures vanquished.

Notes
Turn   | Place    | Note
-------+----------+-------------------------------------------
     0 | D        | Groucho the Naga Fighter began the quest for the Orb.
     0 | D        | Reached XP level 1. HP: 21/21 MP: 1/1
    44 | D        | Found a glowing golden altar of the Shining One.
    44 | D        | Found a glowing silver altar of Zin.
    44 | D        | Found a basalt altar of Yredelemnul.
    44 | D        | Found a shimmering altar of Xom.
    44 | D        | Found an ornate altar of the Wu Jian Council.
    44 | D        | Found a bloodstained altar of Trog.
    44 | D        | Found a shimmering blue altar of Sif Muna.
    44 | D        | Found a sacrificial altar of Ru.
    44 | D        | Found a stormy altar of Qazlal.
    44 | D        | Found an iron altar of Okawaru.
    44 | D        | Found a sparkling altar of Nemelex Xobeh.
    44 | D        | Found a burning altar of Makhleb.
    44 | D        | Found a viscous altar of Jiyva.
    44 | D        | Found a hazy altar of Hepliaklqana.
    44 | D        | Found an opulent altar of Gozag.
    44 | D        | Found a blossoming altar of Fedhas.
    44 | D        | Found a white marble altar of Elyvilon.
    44 | D        | Found a shadowy altar of Dithmenos.
    44 | D        | Found a snail-covered altar of Cheibriados.
    45 | D        | Found a radiant altar of Vehumet.
    45 | D        | Found a corrupted altar of Lugonu.
    46 | D        | Found an ancient bone altar of Kikubaaqudgha.
    46 | D        | Found a hide-covered altar of Uskayaw.
    46 | D        | Found a broken altar of Ashenzari.
    52 | D        | Became a worshipper of Cheibriados the Contemplative
    74 | D        | Reached skill level 1 in Invocations
    84 | D        | Reached * piety under Cheibriados
    85 | D        | Reached ** piety under Cheibriados
    86 | D        | Reached XP level 2. HP: 17/28 MP: 2/2
    89 | D        | Reached *** piety under Cheibriados
   397 | D        | Reached **** piety under Cheibriados
   404 | D        | Noticed an ogre
   415 | D        | Mangled by an ogre

Illustrated notes

Levels and vault maps discovered:
D:        pitsprint [storerooms_1, entrance_room_1, metal_vault_2, armoury_2,
          mini_pit_1, grid_room_1, main_hall_1, silver_pit, the_coven_3,
          the_vestibule_1, steel_vault_3, golden_pit, hallway_of_sentries,
          crystal_vault_6, iron_vault_3, final_vault]

Skill      XL: |  1  2 |
---------------+-------+-----
Shields        | 3 |  3.4
Invocations    | 1 2 |  2.0
Armour         | 3 |  3.1
Fighting       | |  3.7
Axes           | |  2.9

Action                   || total
-------------------------++-------
Melee: Hand axe          ||    26
       War axe           ||     4
  Use: Potion            ||     3
 Stab: Invisible         ||     3
Armor: Scale mail        ||    11
Dodge: Dodged            ||    17
Block: Buckler           ||     8
